 Dungeon Crawl Stone Soup version 0.18.1-50-g88ac8fd (webtiles) character file.

109 Monkfish the Sneak (level 5, 0/31 HPs)
             Began as a Kobold Assassin on Oct 22, 2016.
             Succumbed to a scorpion's poison
             ... on level 4 of the Dungeon.
             The game lasted 00:03:42 (1538 turns).

Monkfish the Sneak (Kobold Assassin)                Turns: 1538, Time: 00:03:43

Health: 0/31       AC:  9    Str: 10    XL:     5   Next: 13%
Magic:  5/5        EV: 10    Int:  9    God:
Gold:   97         SH:  0    Dex: 18    Spells: 0 memorised, 4 levels left

rFire  . . .     SeeInvis .     a - +2 dagger
rCold  + . .     Gourm    .     h - +0 scale mail {rC+}
rNeg   . . .     Faith    .     (shield restricted)
rPois  .         Spirit   .     i - +0 helmet
rElec  .         Dismiss  .     d - +0 cloak
rCorr  .         Reflect  .     (no gloves)
SustAt .         Harm     .     j - +0 pair of boots (curse)
MR     .....                    (no amulet)
Stlth  +++.......               (no ring)
                                (no ring)

@: lethally poisoned (0 -> -14), not resistant to hostile enchantments, fairly
stealthy
A: carnivore 3
a: no special abilities


You were on level 4 of the Dungeon.
You were very full.

You visited 1 branch of the dungeon, and saw 3 of its levels.

You collected 97 gold pieces.

Inventory:

Hand Weapons
 a - a +2 dagger (weapon)
 b - a +0 blowgun
Missiles
 e - 7 poisoned needles
 f - 2 curare-tipped needles
Armour
 d - a +0 cloak (worn)
 h - a +0 scale mail of cold resistance (worn)
 i - a +0 helmet (worn)
 j - a cursed +0 pair of boots (worn)
Scrolls
 k - a scroll of fear {unknown}
 l - 3 scrolls of remove curse {unknown}
 n - a scroll of magic mapping {unknown}
 o - 4 scrolls of identify
Potions
 m - a potion of haste {unknown}
Comestibles
 c - a slice of pizza
 g - 2 meat rations


   Skills:
 + Level 2.3 Fighting
 + Level 2.9 Short Blades
 * Level 4.2 Throwing
 - Level 1.2 Dodging
 + Level 6.6 Stealth


You had 4 spell levels left.
You didn't know any spells.

Dungeon Overview and Level Annotations

Branches:
Dungeon (2/15)

Altars:


Innate Abilities, Weirdness & Mutations

You are small and have problems with some larger weapons.
You are carnivorous and can eat meat at any time.


Message History

Aim: a scorpion (heavily wounded)
You shoot a poisoned needle. The poisoned needle hits the scorpion.
The scorpion is poisoned.
The scorpion is heavily wounded.
Wield which item (- for none, * to show all)? (? for menu, Esc to quit)
a - a +2 dagger (weapon)
You feel sick. The scorpion stings you.
You are lethally poisoned!
The scorpion poisons you!
You hit the scorpion.
The scorpion is severely wounded.
You feel sick. The scorpion stings you.
You barely miss the scorpion.
The scorpion is severely wounded.
* * * LOW HITPOINT WARNING * * *
You feel sick. The scorpion stings you!
* * * LOW HITPOINT WARNING * * *
You closely miss the scorpion.
The scorpion is severely wounded.
You die...

###########
#.........#
#.........#####
####.............(
#@s.....(.......((
#.##.......(......
#.##.......(....((
#.##.......(...(..
#.##..............
#+###########.....
#..(.. #.....
#..!..


You could see a scorpion.

Vanquished Creatures
  A worker ant (D:4)
  4 adders (D:2)
  An ooze (D:2)
  3 dart slugs
  A giant gecko (D:1)
  2 ball pythons (D:1)
  2 bats (D:1)
  2 giant cockroaches
  2 goblins (D:1)
  7 hobgoblins
  5 jackals
  2 giant newts (D:1)
  2 kobolds (D:2)
  4 rats
38 creatures vanquished.

Notes
Turn   | Place    | Note
--------------------------------------------------------------
     0 | D:1      | Monkfish the Kobold Assassin began the quest for the Orb.
     0 | D:1      | Reached XP level 1. HP: 12/12 MP: 1/1
   253 | D:1      | Reached XP level 2. HP: 17/17 MP: 2/2
   364 | D:1      | Reached skill level 6 in Stealth
   653 | D:1      | Reached XP level 3. HP: 20/21 MP: 3/3
  1036 | D:2      | Reached XP level 4. HP: 14/26 MP: 4/4
  1078 | D:2      | Found a faded altar to an unknown god.
  1487 | D:2      | You fall through a shaft for 2 floors!
  1493 | D:4      | Reached XP level 5. HP: 31/31 MP: 5/5
  1537 | D:4      | HP: 1/31 [scorpion (8)]
  1538 | D:4      | Succumbed to a scorpion's poison

Skill      XL: |  1  2  3  4 |
---------------+-------------+-----
Stealth        | 6 |  6.6
Throwing       | 3 4 |  4.2
Fighting       | |  2.3
Short Blades   | |  2.9
Dodging        | |  1.2

Action                   |  1- 3 |  4- 6 || total
-------------------------+-------+-------++-------
Melee: Dagger            |    43 |    21 ||    64
 Fire: Blowgun           |    35 |    28 ||    63
  Use: Scroll            |     1 |       ||     1
  Eat: Chunk             |     9 |       ||     9
Armor: Robe              |    19 |       ||    19
       Scale mail        |    17 |    19 ||    36
Dodge: Dodged            |    68 |    31 ||    99
